 Dungeon Crawl Stone Soup version 0.26.1-10-gdfb7c7de75 (webtiles) character file.

Game seed: 761846009731935654

120 MalarOregon the Stinger (level 5, -3/33 HPs)
             Began as a Halfling Venom Mage on Apr 4, 2021.
             Slain by Natasha (6 damage)
             ... on level 2 of the Dungeon.
             The game lasted 00:03:52 (1752 turns).

MalarOregon the Stinger (Halfling Venom Mage)       Turns: 1752, Time: 00:03:52

Health: -3/33      AC:  4    Str: 10    XL:     5   Next: 25%
Magic:  2/8        EV: 15    Int: 13    God:
Gold:   90         SH:  0    Dex: 15    Spells: 2/8 levels left

rFire    . . .     SeeInvis .   b - +0 short sword
rCold    + . .     Faith    .   (shield restricted)
rNeg     . . .     Spirit   .   c - +1 leather armour {rC+}
rPois    .         Reflect  .   (no helmet)
rElec    .         Harm     .   (no cloak)
rCorr    .         Rampage  .   (no gloves)
Will     .....                  (no boots)
Stlth    ++........             (no amulet)
HPRegen  0.11/turn              (no ring)
MPRegen  0.11/turn              (no ring)

@: very slightly contaminated
A: small, mutation resistance 1
a: no special abilities


You were on level 2 of the Dungeon.
You visited 1 branch of the dungeon, and saw 2 of its levels.

You collected 90 gold pieces.

Inventory:

Hand Weapons
 b - a +0 short sword (weapon)
   (You took it off a kobold on level 1 of the Dungeon)
Armour
 c - a +1 leather armour of cold resistance (worn)
   (You found it on level 1 of the Dungeon)
Scrolls
 a - a scroll of fog {unknown}
 d - a scroll of remove curse {unknown}
 e - a scroll of identify {unknown}
 f - a scroll of fear {unknown}
 h - a scroll of teleportation {unknown}
 i - 2 scrolls of magic mapping {unknown}
 k - a scroll of enchant armour {unknown}
Potions
 g - 2 potions of lignification {unknown}
 j - a potion of haste {unknown}


   Skills:
 + Level 1.5 Fighting
 + Level 1.4 Armour
 + Level 2.9 Dodging
 + Level 2.9 Stealth
 + Level 2.1 Spellcasting
 - Level 0.5 Transmutations
 + Level 0.3 Fire Magic
 + Level 0.5 Air Magic
 + Level 3.4 Poison Magic


You had 2 spell levels left.
You knew the following spells:

 Your Spells              Type           Power        Failure   Level
a - Sting                 Tmut/Pois      24%          14%         1
b - Ignite Poison         Fire/Tmut/Pois 5%           50%         3
x - Poisonous Vapours     Pois/Air       12%          22%         2

Your spell library contained the following spells:

 Spells                   Type           Power        Failure   Level
 Mephitic Cloud           Conj/Pois/Air  4%           50%         3
 Olgreb's Toxic Radiance  Pois           10%          61%         4


Dungeon Overview and Level Annotations

Branches:
Dungeon (2/15)

Altars:
Wu Jian

Annotations:
D:2 Natasha


Innate Abilities, Weirdness & Mutations

You are small and have problems with some larger weapons.
You are somewhat resistant to further mutation.


Message History

You hit Natasha but do no damage. Natasha casts a spell at you.
The magic dart hits you.
* * * LOW HITPOINT WARNING * * *
Natasha claws you.
* * * LOW HITPOINT WARNING * * *
Aim: Natasha (heavily wounded, very poisoned, 40% to evade)
The sting hits Natasha.
Natasha looks as sick as possible!
Natasha casts a spell at you.
You feel as though you will be slow longer.
You completely miss Natasha.
You kill Natasha!
Natasha yowls pathetically as she dies!
You have reached level 5!
You feel agile.
Unknown command.
You start resting.
You feel yourself speed up.
Unknown command.
You start resting.
Natasha, Servant of Life and Death comes into view.
You see here a +0 dagger.
You start resting.
Natasha is nearby!
You can't see any susceptible monsters within range! (Use Z to cast anyway.) Unknown command.
Aim: Natasha (wandering, hasn't noticed you) Poisonous vapours surround Natasha!
Natasha is engulfed in poison gas.
Natasha is poisoned.
Aim: Natasha (moderately wounded, poisoned, 40% to evade)
The sting hits Natasha.
Natasha looks even sicker.
Natasha casts a spell at you. The magic dart hits you!
* * * LOW HITPOINT WARNING * * *
Aim: Natasha (severely wounded, very poisoned, 40% to evade)
The sting misses Natasha.
You start resting.
Natasha is nearby!
Aim: Natasha (severely wounded, very poisoned, 40% to evade)
The sting hits Natasha but does no damage.
Natasha looks even sicker.
Natasha misses you.
You barely miss Natasha. Natasha casts a spell at you. The magic dart hits you!
* * * LOW HITPOINT WARNING * * *
Aim: Natasha (severely wounded, very poisoned, 40% to evade)
You miscast Sting.
You are very lightly contaminated with residual magic.
Nothing appears to happen.
Natasha claws you.
You die...

≈≈.# ≈..# ≈..# #### ≈≈.#
#..## .≈.# #... ##### ≈..#
##.##...... ...#
#####........h. ...#
####..<..h######## ##.#
#....†....@# ...#
##.##.......# ...#
#..##..........
...###.###......≈≈≈≈≈
........##......≈≈≈≈≈≈
...###..........≈≈.>≈≈
....#....÷####..≈≈._≈≈
...........####.≈≈≈≈≈≈.
................≈≈≈≈≈≈....


You could see Natasha (very poisoned).

Vanquished Creatures
  Jessica (D:2)
  Natasha (D:2)
  An adder (D:2)
  A worm (D:2)
  4 dart slugs
  A leopard gecko (D:1)
  A ball python (D:1)
  6 bats
  A giant cockroach (D:1)
  4 goblins
  2 hobgoblins
  4 jackals (D:1)
  A quokka (D:2)
  7 frilled lizards
  8 kobolds
  9 rats
52 creatures vanquished.

Notes
Turn   | Place    | Note
-------+----------+-------------------------------------------
     0 | D:1      | MalarOregon the Halfling Venom Mage began the quest for the
                  | Orb.
     0 | D:1      | Reached XP level 1. HP: 11/11 MP: 3/3
   200 | D:1      | Reached XP level 2. HP: 18/18 MP: 0/4
   550 | D:1      | Reached XP level 3. HP: 15/22 MP: 1/5
   636 | D:1      | Reached skill level 1 in Fighting
   913 | D:1      | Learned a level 2 spell: Poisonous Vapours
   948 | D:2      | Noticed Jessica
   956 | D:2      | Reached skill level 1 in Armour
   960 | D:2      | Killed Jessica
   961 | D:2      | Reached XP level 4. HP: 9/28 MP: 0/7
  1171 | D:2      | Learned a level 3 spell: Ignite Poison
  1555 | D:2      | Found a faded altar of an unknown god.
  1629 | D:2      | Found an ornate altar of the Wu Jian Council.
  1632 | D:2      | Noticed Natasha
  1645 | D:2      | Killed Natasha
  1646 | D:2      | Reached XP level 5. HP: 6/33 MP: 2/8
  1730 | D:2      | Noticed Natasha
  1752 | D:2      | Slain by Natasha

Illustrated notes

Levels and vault maps discovered:
D:1:      dpeg_arrival_arbitrary_a, layout_rooms, glass_columns_b,
          grunt_decor_mini_mirrors, minmay_tree_intersection
D:2:      layout_rooms, general_overflow_altar,
          chequers_ecumenical_altar_island, minmay_misc_feat_diagonals,
          uniq_natasha, uniq_jessica

Skill      XL: |  1  2  3 |
---------------+----------+-----
Fighting       | 1 |  1.5
Armour         | 1 |  1.4
Spellcasting   | 2 |  2.1
Dodging        | |  2.9
Stealth        | |  2.9
Transmutations | |  0.5
Fire Magic     | |  0.3
Air Magic      | |  0.5
Poison Magic   | |  3.4

Action                   |  1- 3 |  4- 6 || total
-------------------------+-------+-------++-------
Melee: Unarmed           |    17 |       ||    17
       Short sword       |    38 |    27 ||    65
 Cast: Sting             |    34 |    21 ||    55
       Poisonous Vapours |       |     1 ||     1
 Stab: Sleeping          |       |     1 ||     1
Armor: Ring mail         |     3 |       ||     3
       Leather armour    |    21 |     2 ||    23
Dodge: Dodged            |    53 |    21 ||    74
